Get step-by-step instructions on how to execute this build order below. Start the game timer, and the build order will tick by so you can play in parallel with StarCraft on a second screen or mobile device.

Game Time

  0:00

Last Step

  N/A

Next Step

Upcoming Step



Don't want to look back and forth between 2 screens? Try out our Overwolf App, the Spawning Tool Build Advisor to get an in-game overlay with this build!

Complete Build Order

  12  0:06  Probe (Chrono Boost)  
  13  0:34  Probe (Chrono Boost)  
  13  0:36  Pylon  
  14  0:59  Probe (Chrono Boost)  
  15  1:16  Probe (Chrono Boost)  
  15  1:17  Gateway  
  16  1:28  Assimilator  
  16  1:33  Probe (Chrono Boost)  
  18  1:50  Probe (Chrono Boost)  
  18  2:06  Pylon